 Dungeon Crawl Stone Soup version 0.29.1-2-gbd0b4ee654 (webtiles) character file.

Game seed: 18273348135410516653

5 xian the Trooper (level 1, -1/18 HPs)
             Began as a Demonspawn Abyssal Knight on Nov 12, 2022.
             Was a Follower of Lugonu.
             Slain by a jackal (2 damage)
             ... on level 1 of the Dungeon.
             The game lasted 00:00:40 (221 turns).

xian the Trooper (Demonspawn Abyssal Knight)         Turns: 221, Time: 00:00:41

Health: -1/18      AC:  3    Str: 13    XL:     1   Next: 66%
Magic:  2/2        EV: 11    Int: 11    God:    Lugonu [*.....]
Gold:   0          SH:  0    Dex: 13    Spells: 0/0 levels left

rFire   . . .      SeeInvis .   a - +1 hand axe
rCold   . . .      Faith    .   (no shield)
rNeg    . . .      Spirit   .   b - +0 leather armour
rPois   .          Reflect  .   (no helmet)
rElec   .          Harm     .   (no cloak)
rCorr   .          Rampage  .   (no gloves)
Will    .....                   (no boots)
Stlth   +.........              (no amulet)
HPRegen 0.06/turn               (no ring)
MPRegen 0.08/turn               (no ring)

@: no status effects
A: no striking features
a: Renounce Religion, Depart the Abyss


You were on level 1 of the Dungeon.
You worshipped Lugonu.
Lugonu was aware of your devotion.
You visited 1 branch of the dungeon, and saw 1 of its levels.
You visited the Abyss 1 time.

Inventory:

Hand Weapons
 a - a +1 hand axe (weapon)
Armour
 b - a +0 leather armour (worn)


   Skills:
 + Level 3.1 Fighting
 + Level 1.8 Axes
 + Level 2.0 Armour
 + Level 0.8 Dodging
 + Level 2.4 Invocations


You couldn't memorise any spells.
You didn't know any spells.
Your spell library was empty.

Dungeon Overview and Level Annotations

Branches:
Dungeon (1/15)

Altars:


Message History

The bat hits you but does no damage.
Your Armour skill increases to level 2!
You miss the bat. The bat hits you but does no damage. x2
The bat barely misses you.
You closely miss the bat. The bat barely misses you.
You barely miss the quokka. The quokka closely misses you.
The quokka bites you but does no damage.
You hit the quokka.
You kill the quokka!
Lugonu accepts your kill. The bat barely misses you.
The bat hits you but does no damage. x2; The jackal closely misses you.
Items here: ) †††.
You hit the jackal.
The jackal is lightly wounded.
The bat misses you. The jackal bites you. The jackal completely misses you.
You hit the jackal.
The jackal is heavily wounded.
The bat hits you but does no damage. The jackal bites you.
* * * LOW HITPOINT WARNING * * *
The jackal bites you.
* * * LOW HITPOINT WARNING * * *
You barely miss the jackal.
The jackal is heavily wounded.
The bat barely misses you. The jackal closely misses you.
You hit the jackal but do no damage.
The jackal is heavily wounded.
The bat completely misses you. The jackal bites you.
* * * LOW HITPOINT WARNING * * *
The jackal closely misses you.
Unknown command.
You barely miss the jackal.
The jackal is heavily wounded.
The bat closely misses you. The jackal misses you.
The jackal barely misses you.
Unknown command.
You barely miss the jackal.
The jackal is heavily wounded.
The bat hits you but does no damage. x2; The jackal bites you.
You die...

#.≈~~####~~≈.# ..
#!≈≈~#.<#~≈≈§#.....
#.≈≈~#..#~≈≈.#.....
#.≈~~#''#~~≈...#..
#.~~8~~~~8~~.....
#.~8~~≈≈~~8~...# .
#.~~~≈≈≈≈~~~...#...
#.#.......##.......
#.........!@h......
..#...#.####b......
..###.... ...#...
..... ...# . ###...
...# #.#. ...# ....
.... ##.#. ...#.


You could see a jackal and a bat.

Vanquished Creatures
  A goblin (D:1)
  A jackal (D:1)
  A quokka (D:1)
  A bat (D:1)
  A rat (D:1)
5 creatures vanquished.

Notes
Turn   | Place    | Note
-------+----------+-------------------------------------------
     0 | Abyss:1  | xian the Demonspawn Abyssal Knight began the quest for the
                  | Orb.
     0 | Abyss:1  | Reached XP level 1. HP: 18/18 MP: 2/2
     0 | Abyss:1  | Found a corrupted altar of Lugonu.
    70 | Abyss:1  | Noticed a chaos spawn
   121 | Abyss:2  | Noticed a thrashing horror
   126 | D:1      | Escaped the Abyss
   221 | D:1      | Slain by a jackal

Illustrated notes

Levels and vault maps discovered:
D:1:      lightli_arrival_boilingwater, layout_basic,
          dilly_ecumenical_altar_fadedgnrine, minmay_misc_feat_columns

Skill      XL: |  1 |
---------------+----+-----
Armour         | 2 |  2.0
Fighting       | |  3.1
Axes           | |  1.8
Dodging        | |  0.8
Invocations    | |  2.4

Action                   || total
-------------------------++-------
Melee: Hand axe          ||    22
Invok: Depart the Abyss  ||     1
Armor: Leather armour    ||    13
Dodge: Dodged            ||    24
